 Dungeon Crawl Stone Soup version 0.27.1 (webtiles) character file.

Game seed: 7630353028211682963

245 Atelerd the Digger (level 6, -2/36 HPs)
             Began as an Octopode Earth Elementalist on Sept 1, 2021.
             Slain by a phantom (9 damage)
             ... on level 4 of the Dungeon.
             The game lasted 00:04:11 (3198 turns).

Atelerd the Digger (Octopode Earth Elementalist)    Turns: 3198, Time: 00:04:12

Health: -2/36      AC:  1    Str: 13    XL:     6   Next: 10%
Magic:  7/10       EV: 13    Int: 19    God:
Gold:   135        SH:  0    Dex: 13    Spells: 3/11 levels left

rFire    . . .     SeeInvis .   r - +0 dagger (venom)
rCold    . . .     Faith    .   (no shield)
rNeg     . . .     Spirit   .   (helmet restricted)
rPois    .         Reflect  .   m - amulet of magic regeneration
rElec    .         Harm     .   o - +6 ring of strength
rCorr    .         Rampage  .   (no ring)
Will     .....                  (no ring)
Stlth    +++.......             (no ring)
HPRegen  0.12/turn              (no ring)
MPRegen  0.37/turn              (no ring)
                                (no ring)
                                (no ring)

@: no status effects
A: almost no armour, amphibious, 8 rings, camouflage 1, gelatinous body 1,
(nimble swimmer 1), tentacles
a: no special abilities


You were on level 4 of the Dungeon.
You visited 1 branch of the dungeon, and saw 4 of its levels.

You collected 153 gold pieces.
You spent 18 gold pieces at shops.

Inventory:

Hand Weapons
 c - a +0 short sword
 r - a +0 dagger of venom (weapon)
Missiles
 b - 72 stones
Jewellery
 a - an amulet of faith
 m - an amulet of magic regeneration (around mantle)
 o - a +6 ring of strength (left tentacle)
Scrolls
 d - a scroll of immolation {unknown}
 e - 5 scrolls of identify {unknown}
 f - a scroll of fear {unknown}
 k - 3 scrolls of amnesia {unknown}
 q - a scroll of holy word {unknown}
Potions
 g - 3 potions of cancellation {unknown}
 h - 2 potions of berserk rage {unknown}
 i - 2 potions of flight {unknown}
 j - 2 potions of lignification {unknown}
 l - a potion of attraction {unknown}
 n - 2 potions of brilliance {unknown}
 p - a potion of invisibility {unknown}
 s - a potion of ambrosia {unknown}


   Skills:
 - Level 2.0 Dodging
 - Level 2.6 Stealth
 + Level 3.2 Spellcasting
 + Level 1.3 Conjurations
 + Level 2.9 Transmutations
 + Level 1.4 Air Magic
 + Level 4.1 Earth Magic
 + Level 1.8 Poison Magic


You had 3 spell levels left.
You knew the following spells:

 Your Spells              Type           Power      Damage    Failure   Level
a - Sandblast             Erth           36%        2d10      2%          1
b - Mephitic Cloud        Conj/Pois/Air  8%         N/A       24%         3
c - Petrify               Tmut/Erth      16%        N/A       34%         4

Your spell library contained the following spells:

 Spells                   Type           Power      Damage    Failure   Level
 Passwall                 Tmut/Erth      13%        N/A       5%          2
 Magic Dart               Conj           32%        1d4       9%          1
 Shock                    Conj/Air       32%        1d5       9%          1
 Stone Arrow              Conj/Erth      26%        3d8       14%         3
 Animate Skeleton         Necr           6%         N/A       16%         1
 Apportation              Tloc           6%         N/A       16%         1
 Corona                   Hex            3%         N/A       16%         1
 Summon Small Mammal      Summ           12%        N/A       16%         1
 Call Imp                 Summ           3%         N/A       22%         2
 Swiftness                Air            8%         N/A       24%         3
 Inner Flame              Hex/Fire       3%         N/A       41%         3
 Airstrike                Air            4%         N/A       63%         4
 Cause Fear               Hex            1%         N/A       83%         4
 Discord                  Hex            1%         N/A       100%        8


Dungeon Overview and Level Annotations

Branches:
Dungeon (4/15)
 Temple: D:4-7

Altars:

Shops:
D:1 *

Annotations:
D:3 1 runed translucent door, Crazy Yiuf


Innate Abilities, Weirdness & Mutations

You cannot wear most types of armour.
You are amphibious.
You can wear up to eight rings at the same time.
Your skin changes colour to match your surroundings (Stealth+).
Your rubbery body absorbs attacks. (AC +1, EV +1)
((You are camouflaged near water. (Stealth+)))
You have tentacles for arms and can constrict up to eight enemies at once.


Message History

You kill the ball python!
A phantom is nearby!
The phantom hits you!
Casting: Sandblast (safe; 2% risk of failure)
Confirm with . or Enter, or press ? or * to list all spells.
Aiming: Sandblast (safe; 2% risk of failure)
Press: ? - help, Shift-Dir - straight line, f - phantom
Aim: a phantom (71% to hit)
The blast of sand hits the phantom!
The phantom is heavily damaged.
The phantom hits you!
The phantom blinks!
You blink.
Casting: Sandblast (safe; 2% risk of failure)
Confirm with . or Enter, or press ? or * to list all spells.
Aiming: Sandblast (safe; 2% risk of failure)
Press: ? - help, Shift-Dir - straight line, f/p - phantom
Aim: a phantom (heavily damaged, 71% to hit)
The blast of sand hits the phantom!
The phantom is severely damaged.
The phantom hits you.
Casting: Sandblast (safe; 2% risk of failure)
Confirm with . or Enter, or press ? or * to list all spells.
Aiming: Sandblast (safe; 2% risk of failure)
Press: ? - help, Shift-Dir - straight line, f/p - phantom
Aim: a phantom (severely damaged, 71% to hit)
The blast of sand hits the phantom.
The phantom is severely damaged.
The phantom hits you!
* * * LOW HITPOINT WARNING * * *
The phantom blinks!
You blink.
Sorry, you're not good enough to have a special ability.
Unknown command.
Casting: Sandblast (safe; 2% risk of failure)
Confirm with . or Enter, or press ? or * to list all spells.
Aiming: Sandblast (safe; 2% risk of failure)
Press: ? - help, Shift-Dir - straight line, f/p - phantom
Aim: a phantom (severely damaged, 71% to hit)
The blast of sand hits the phantom but does no damage.
The phantom is severely damaged.
The phantom hits you!
You die...

#..####..##..#.#######
...†....###.##.....##
........# #.#.......##
........# #..........#
...[....###..........#
........##...........#
.....................#
........#§.#.........#
........##§.....@....#
........####...W.....#
........# #.........#
#. #.........#
#'########.# ## #


You could see a phantom.

Vanquished Creatures
  A scorpion (D:4)
  A water moccasin skeleton (D:4)
  3 adders
  4 gnolls (D:4)
  A worm (D:2)
  An orc (D:3)
  8 ball pythons
  9 bats
  2 endoplasms
  4 giant cockroaches
  6 hobgoblins
  3 jackals (D:3)
  5 quokkas
  4 frilled lizards
  3 goblins
  4 kobolds
  9 rats
68 creatures vanquished.

Notes
Turn   | Place    | Note
-------+----------+-------------------------------------------
     0 | D:1      | Atelerd the Octopode Earth Elementalist began the quest for
                  | the Orb.
     0 | D:1      | Reached XP level 1. HP: 11/11 MP: 3/3
   543 | D:1      | Reached XP level 2. HP: 14/17 MP: 5/5
   841 | D:1      | Found Huzxuf's Assorted Antiques.
   850 | D:1      | Bought an inky potion for 18 gold pieces
  1168 | D:2      | Reached XP level 3. HP: 16/21 MP: 6/6
  1975 | D:3      | Learned a level 3 spell: Mephitic Cloud
  2196 | D:3      | Reached XP level 4. HP: 24/27 MP: 5/8
  2331 | D:3      | Learned a level 4 spell: Petrify
  2472 | D:3      | Found a runed translucent door.
  2473 | D:3      | Noticed Crazy Yiuf
  2711 | D:4      | Noticed a scorpion
  2718 | D:4      | Killed a scorpion
  2719 | D:4      | Reached skill level 1 in Poison Magic
  2719 | D:4      | Reached XP level 5. HP: 29/31 MP: 3/9
  2800 | D:4      | Noticed an ogre
  2812 | D:4      | Reached skill level 1 in Air Magic
  2844 | D:4      | Reached skill level 1 in Conjurations
  2947 | D:4      | Reached skill level 4 in Earth Magic
  3016 | D:4      | Reached XP level 6. HP: 26/36 MP: 6/10
  3198 | D:4      | Slain by a phantom

Illustrated notes

Levels and vault maps discovered:
D:1:      lightli_arrival_windingriver, layout_basic, serial_shops, shop,
          minmay_split_cup_small
D:2:      layout_loops_ring, minmay_surrounded
D:3:      layout_loops_ring, uniq_crazy_yiuf_cottage
D:4:      layout_rooms, mainiacjoe_overflow_divided_tiny,
          minmay_temple_entry_offerings

Skill      XL: |  1  2  3  4  5 |
---------------+----------------+-----
Transmutations | 2 |  2.9
Spellcasting   | 3 |  3.2
Poison Magic   | 1 |  1.8
Air Magic      | 1 |  1.4
Conjurations   | 1 |  1.3
Earth Magic    | 4 |  4.1
Dodging        | |  2.0
Stealth        | |  2.6

Action                   |  1- 3 |  4- 6 || total
-------------------------+-------+-------++-------
Melee: Unarmed           |    23 |       ||    23
       Constrict         |    20 |     9 ||    29
       Tentacles         |    12 |     2 ||    14
       Short sword       |    67 |    13 ||    80
       Dagger            |       |    14 ||    14
 Cast: Sandblast         |     6 |    28 ||    34
 Stab: Sleeping          |    19 |     3 ||    22
       Distracted        |     2 |       ||     2
Armor: Skin              |     5 |     1 ||     6
Dodge: Dodged            |    57 |    22 ||    79
